 Dungeon Sprint DCSS version 0.16.2-12-gd0ad4c3 (webtiles) character file.

7512 Ponchio the Eclecticist (level 10, -4/50 HPs)
             Began as a Deep Elf Fire Elementalist on Oct 21, 2015.
             Was the Champion of Vehumet.
             Hit by a large rock thrown by a cyclops (30 damage)
             ... in the Dungeon (Sprint V: "Ziggurat Sprint").
             The game lasted 00:28:08 (1155 turns).

Ponchio the Eclecticist (DEFE)                      Turns: 1155, Time: 00:28:16

Health: -4/50      AC:  2    Str:  5    XL:     10   Next: 95%
Magic:  31/42      EV: 12    Int: 42    God:    Vehumet [******]
Gold:   0          SH:  0    Dex: 15    Spells: 4 memorised, 26 levels left

rFire  . . .     SeeInvis .     J - +6 Majin-Bo {vamp, Archmagi MP+6 Int+6}
rCold  . . .     Clarity  .     a - +0 robe
rNeg   . . .     SustAb   .     (no shield)
rPois  .         Gourm    .     (no helmet)
rElec  .         Spirit   .     (no cloak)
rCorr  .         Warding  .     (no gloves)
rMut   +         NoTele   +     (no boots)
MR     +....                    U - amulet of resist mutation
Stlth  ++........               B - +6 ring of intelligence
                                C - +6 ring of intelligence

@: held, studying Transmutations, somewhat resistant to hostile enchantments,
unstealthy
A: no striking features
a: Renounce Religion


You were in the Dungeon.
You worshipped Vehumet.
Vehumet was exalted by your worship.
You were not hungry.

You visited 1 branch

Inventory:

Hand weapons
 J - the +6 Majin-Bo (weapon) {vamp, Archmagi MP+6 Int+6}
   (You found it in the Dungeon)

   It inflicts no extra harm, but heals its wielder somewhat when it strikes a
   living foe.
   It affects your intelligence (+6).
   It affects your magic capacity (+6).
Armour
 a - a +0 robe (worn)
Jewellery
 B - a +6 ring of intelligence (right hand)
 C - a +6 ring of intelligence (left hand)
 O - an uncursed ring of poison resistance
 U - an amulet of resist mutation (around neck)
Magical devices
 F - a wand of disintegration (3)
 H - a wand of cold (4)
 I - a wand of draining (3)
Scrolls
 i - 4 scrolls of blinking
 q - 4 scrolls of amnesia
 r - 3 scrolls of recharging
 s - 7 scrolls of fog
 t - 2 scrolls of holy word
 u - 5 scrolls of identify
 v - 4 scrolls of remove curse
 w - 2 scrolls of fear
Potions
 d - 10 potions of curing
 e - 8 potions of heal wounds
 f - 3 potions of haste
 g - 7 potions of magic
 h - 3 potions of berserk rage
 j - 2 potions of brilliance
 k - 2 potions of invisibility
 l - 2 potions of restore abilities
 m - 4 potions of resistance
 o - 6 potions of agility
 p - 5 potions of might
Books
 b - a book of Flames

   Spells                             Type                      Level
   a - Flame Tongue                   Conjuration/Fire             1
   b - Throw Flame                    Conjuration/Fire             2
   c - Conjure Flame                  Conjuration/Fire             3
   d - Inner Flame                    Hexes/Fire                   3
   e - Sticky Flame                   Conjuration/Fire             4
   f - Fireball                       Conjuration/Fire             5
 y - a book of Unlife

   Spells                             Type                      Level
   a - Recall                         Summoning/Translocation      3
   b - Animate Dead                   Necromancy                   4
   c - Control Undead                 Necromancy                   4
   d - Cigotuvi's Embrace             Necromancy                   5
   e - Death Channel                  Necromancy                   6
   f - Simulacrum                     Ice/Necromancy               6
 A - a book of Power

   Spells                             Type                      Level
   a - Fulminant Prism                Conjuration/Hexes            4
   b - Iskenderun's Mystic Blast      Conjuration                  4
   c - Venom Bolt                     Conjuration/Poison           5
   d - Bolt of Magma                  Conjuration/Fire/Earth       5
   e - Iron Shot                      Conjuration/Earth            6
   f - Orb of Destruction             Conjuration                  7
   g - Spellforged Servitor           Conjuration/Summoning        7
 D - a book of Conjurations

   Spells                             Type                      Level
   a - Magic Dart                     Conjuration                  1
   b - Searing Ray                    Conjuration                  2
   c - Dazzling Spray                 Conjuration/Hexes            3
   d - Fulminant Prism                Conjuration/Hexes            4
   e - Iskenderun's Mystic Blast      Conjuration                  4
   f - Iskenderun's Battlesphere      Conjuration/Charms           5
 R - a Necronomicon This book is beyond your current level of understanding.

   Spells                             Type                      Level
   a - Haunt                          Necromancy/Summoning         7
   b - Borgnjor's Revivification      Necromancy                   8
   c - Death's Door                   Charms/Necromancy            8
   d - Necromutation                  Transmutation/Necromancy     8
 S - a manual of Transmutations
Miscellaneous
 N - a phial of floods
 Q - 2 phantom mirrors
Comestibles
 c - 5 bread rations
 n - 3 royal jellies
 x - 37 fruits
 z - 4 meat rations
 T - 3 chunks of flesh


   Skills:
 + Level 16.9 Dodging
 - Level 2.4 Stealth
 + Level 18.1 Spellcasting
 + Level 15.5 Conjurations
 - Level 3.2 Fire Magic
 - Level 8.8 Evocations


You had 26 spell levels left.
You knew the following spells:

 Your Spells              Type           Power        Failure   Level  Hunger
a - Flame Tongue          Conj/Fire      #####        0%          1    None
b - Fireball              Conj/Fire      ########..   1%          5    None
c - Iron Shot             Conj/Erth      ########..   1%          6    None
d - Orb of Destruction    Conj           ########..   1%          7    None


Dungeon Overview and Level Annotations

Branches:
Dungeon (1/1)

Altars:
Ashenzari
Cheibriados
Dithmenos
Elyvilon
Fedhas
Gozag
Kikubaaqudgha
Makhleb
Nemelex Xobeh
Okawaru
Qazlal
Ru
Sif Muna
Trog
Vehumet
Xom
Yredelemnul
Zin
The Shining One
Beogh
Jiyva
Lugonu


Message History

Press: ? - help, Shift-Dir - straight line, f - hippogriff
Aim: a hippogriff (almost dead)
You feel a surge of power!
The fireball explodes!
The fireball engulfs the hippogriff.
You kill the hippogriff!
Vehumet accepts your kill.
You feel your power returning.
Casting: Fireball
Confirm with . or Enter, or press ? or * to list all spells.
Aiming: Fireball
Press: ? - help, Shift-Dir - straight line, f - merfolk
Aim: a merfolk, wielding the +9 dire flail of Dishonesty {pain, Noisy Str+2 Int+4 SInv} You feel a surge of power!
The fireball explodes!
The fireball engulfs the merfolk.
The merfolk is severely wounded.
The fireball engulfs the cyclops.
The cyclops is moderately wounded.
The cyclops throws a large rock.
The large rock hits you!!
Ouch! That really hurt!
You die...

8©8
..)?|):..
▓...†)})..▓
▓.....C...▓
▓....)†...▓
▓....m....▓
▓.....†...▓
▓.▓.....▓.▓
▓....@....▓
▓▓▓▓▓▓▓▓▓▓▓


You could see a merfolk and a cyclops.

Vanquished Creatures
  2 vault guards (D)
  An ogre mage (D)
  A deep elf knight (D)
  A shadow wraith (D)
  A hornet (D)
  A cyclops (D)
  A yaktaur (D)
  5 merfolk (D)
  2 trolls (D)
  4 hippogriffs (D)
  A chaos spawn (D)
  A water moccasin (D)
  An eye of draining (D)
  A phantom (D)
  2 ogres (D)
  A boggart (D)
  A necrophage (D)
  A centaur (D)
  A quasit (D)
  2 jellies (D)
  3 orc priests (D)
  An iron imp (D)
  An orc wizard (D)
  3 sheep (D)
  An adder (D)
  A shadow imp (D)
  A white imp (D)
  A giant eyeball (D)
  An ufetubus (D)
  An adder zombie (D)
  An adder skeleton (D)
  2 oozes (D)
  A ball python (D)
  A bat skeleton (D)
  2 quokka skeletons (D)
52 creatures vanquished.

Vanquished Creatures (others)
  A spatial maelstrom (D)
1 creature vanquished.

Grand Total: 53 creatures vanquished

Notes
Turn   | Place    | Note
--------------------------------------------------------------
     0 | D        | Ponchio, the Deep Elf Fire Elementalist, began the quest for the Orb.
     0 | D        | Reached XP level 1. HP: 10/10 MP: 5/5
     0 | D        | Found a viscous altar of Jiyva.
     0 | D        | Found a corrupted altar of Lugonu.
     0 | D        | Found a white marble altar of Elyvilon.
     1 | D        | Found a burning altar of Makhleb.
     1 | D        | Found an iron altar of Okawaru.
     3 | D        | Found a sparkling altar of Nemelex Xobeh.
     3 | D        | Found a basalt altar of Yredelemnul.
     3 | D        | Found a deep blue altar of Sif Muna.
     3 | D        | Found a radiant altar of Vehumet.
     3 | D        | Banished a spatial maelstrom
     7 | D        | Found a bloodstained altar of Trog.
     7 | D        | Found a shimmering altar of Xom.
    36 | D        | Became a worshipper of Vehumet
    55 | D        | Reached skill level 8 in Evocations
    55 | D        | Reached XP level 2. HP: 15/15 MP: 7/8
   104 | D        | Entered arena 1.
   117 | D        | Entered arena 2.
   117 | D        | Noticed a water moccasin
   120 | D        | Killed a water moccasin
   120 | D        | Acquired Vehumet's first power
   120 | D        | Offered knowledge of Shock by Vehumet.
   120 | D        | Reached skill level 5 in Dodging
   120 | D        | Reached XP level 3. HP: 19/19 MP: 16/16
   120 | D        | Reached XP level 4. HP: 24/24 MP: 18/18
   127 | D        | Reached skill level 5 in Conjurations
   137 | D        | Identified Iskenderun's Grimoire of Battle Magic (You found it in the Dungeon)
   164 | D        | Entered arena 3.
   164 | D        | Noticed an orc wizard
   164 | D        | Noticed an orc priest
   164 | D        | Noticed an orc priest
   164 | D        | Noticed an orc priest
   165 | D        | Killed an orc priest
   165 | D        | Reached XP level 5. HP: 28/28 MP: 21/21
   166 | D        | Killed an orc wizard
   168 | D        | Killed an orc priest
   173 | D        | Killed an orc priest
   179 | D        | Got the ring "Ucasom" {Ice rElec rN+ Str-2 Int+3 SInv}
   205 | D        | Learned a level 5 spell: Fireball
   210 | D        | Entered arena 4.
   210 | D        | Noticed a troll
   210 | D        | Noticed a troll
   210 | D        | Noticed an ogre
   210 | D        | Noticed an ogre
   212 | D        | Killed an ogre
   212 | D        | Acquired Vehumet's second power
   212 | D        | Reached skill level 9 in Spellcasting
   212 | D        | Reached XP level 6. HP: 26/32 MP: 19/25
   213 | D        | Killed an ogre
   214 | D        | Killed a troll
   214 | D        | Reached skill level 10 in Dodging
   214 | D        | Reached skill level 10 in Spellcasting
   214 | D        | Reached XP level 7. HP: 18/36 MP: 11/28
   214 | D        | Killed a troll
   214 | D        | Reached skill level 11 in Spellcasting
   404 | D        | Entered arena 5.
   404 | D        | Noticed a necrophage
   404 | D        | Noticed a phantom
   405 | D        | Acquired Vehumet's third power
   405 | D        | Offered knowledge of Searing Ray by Vehumet.
   406 | D        | Killed a phantom
   406 | D        | Reached skill level 12 in Spellcasting
   406 | D        | Reached skill level 10 in Conjurations
   408 | D        | Killed a necrophage
   408 | D        | Reached XP level 8. HP: 23/41 MP: 22/30
   589 | D        | Entered arena 6.
   589 | D        | Noticed an iron imp
   589 | D        | Noticed a chaos spawn
   589 | D        | Noticed a quasit
   590 | D        | Offered knowledge of Throw Frost by Vehumet.
   591 | D        | Killed a chaos spawn
   591 | D        | Killed a quasit
   593 | D        | Killed an iron imp
   668 | D        | Entered arena 7.
   668 | D        | Noticed a jelly
   668 | D        | Noticed an eye of draining
   668 | D        | Noticed a jelly
   669 | D        | Killed a jelly
   669 | D        | Killed a jelly
   670 | D        | Killed an eye of draining
   670 | D        | Reached skill level 13 in Spellcasting
   754 | D        | Entered arena 8.
   754 | D        | Noticed a merfolk
   754 | D        | Noticed a cyclops
   754 | D        | Noticed a merfolk
   754 | D        | Noticed a merfolk
   754 | D        | Noticed a merfolk
   758 | D        | Killed a merfolk
   758 | D        | Offered knowledge of Olgreb's Toxic Radiance by Vehumet.
   760 | D        | Killed a merfolk
   761 | D        | Killed a merfolk
   761 | D        | Reached skill level 14 in Spellcasting
   761 | D        | Reached XP level 9. HP: 39/45 MP: 28/33
   762 | D        | Killed a merfolk
   763 | D        | Killed a cyclops
   763 | D        | Reached skill level 15 in Spellcasting
   925 | D        | Entered arena 9.
   925 | D        | Noticed a vault guard
   925 | D        | Noticed a hornet
   925 | D        | Noticed a vault guard
   925 | D        | Noticed a deep elf knight
   925 | D        | Noticed an ogre mage
   925 | D        | Noticed a boggart
   925 | D        | Noticed a yaktaur
   928 | D        | Killed an ogre mage
   928 | D        | Killed a deep elf knight
   928 | D        | Reached skill level 16 in Spellcasting
   928 | D        | Reached XP level 10. HP: 44/50 MP: 29/35
   928 | D        | Killed a hornet
   928 | D        | Reached skill level 15 in Dodging
   930 | D        | Killed a shadow wraith
   931 | D        | Killed a boggart
   933 | D        | Killed a vault guard
   933 | D        | Reached skill level 17 in Spellcasting
   933 | D        | Killed a yaktaur
   942 | D        | Killed a vault guard
   942 | D        | Reached skill level 15 in Conjurations
  1076 | D        | Identified the Volume of Shape Shifting (You found it in the Dungeon)
  1088 | D        | Learned a level 6 spell: Iron Shot
  1149 | D        | Learned a level 7 spell: Orb of Destruction
  1149 | D        | Entered arena 10.
  1149 | D        | Noticed a centaur
  1149 | D        | Noticed a hippogriff
  1149 | D        | Noticed a hippogriff
  1149 | D        | Noticed a merfolk
  1149 | D        | Noticed a hippogriff
  1149 | D        | Noticed a merfolk
  1149 | D        | Noticed a hippogriff
  1149 | D        | Noticed a cyclops
  1150 | D        | Offered knowledge of Lightning Bolt by Vehumet.
  1151 | D        | Killed a hippogriff
  1151 | D        | Killed a centaur
  1151 | D        | Killed a hippogriff
  1152 | D        | Killed a hippogriff
  1152 | D        | Reached skill level 18 in Spellcasting
  1152 | D        | Killed a merfolk
  1154 | D        | Killed a hippogriff
  1155 | D        | Hit by a large rock thrown by a cyclops

Action                   |  1- 3 |  4- 6 |  7- 9 | 10-12 || total
-------------------------+-------+-------+-------+-------++-------
Melee: Quarterstaff      |     2 |    10 |       |       ||    12
 Cast: Fireball          |       |     3 |    16 |    11 ||    30
Evoke: Wand              |     3 |     6 |     2 |     1 ||    12
       Phial of floods   |       |       |       |     1 ||     1
  Use: Potion            |     1 |       |     4 |     3 ||     8
       Scroll            |       |     1 |       |       ||     1
  Eat: Fruit             |     2 |     1 |     2 |       ||     5
       Chunk             |       |       |       |     1 ||     1
